 Crawl Stoat Soup version 0.21.2-37-g0d984e620a (console) character file.

518 ceb the Shield-Bearer (level 7, -1/56 HPs)
             Began as a Formicid Fighter on July 17, 2020.
             Splashed by Ijyb's acid (7 damage)
             ... in the Ecumenical Temple.
             The game lasted 00:08:00 (4410 turns).

ceb the Shield-Bearer (Formicid Fighter)            Turns: 4410, Time: 00:08:02

Health: -1/56      AC: -3    Str: 23    XL:     7   Next: 45%
Magic:  7/7        EV:  8    Int:  7    God:
Gold:   181        SH: 10    Dex: 10    Spells: 6/6 levels left

rFire    . . .     SeeInvis +   a - +0 war axe
rCold    . . .     Gourm    .   c - +0 shield
rNeg     . . .     Faith    .   b - +0 scale mail
rPois    .         Spirit   .   (helmet unavailable)
rElec    .         Reflect  .   z - +0 cloak
rCorr    .         Harm     .   (no gloves)
MR       .....                  (no boots)
Stlth    ..........             (no amulet)
HPRegen  0.18/turn              (no ring)
MPRegen  0.10/turn              (no ring)

@: corroded
A: permanent stasis, dig shafts and tunnels, four strong arms, antennae 3
a: Dig, Shaft Self


You were in the Ecumenical Temple.
You were hungry.

You visited 2 branches of the dungeon, and saw 6 of its levels.

You collected 181 gold pieces.

Inventory:

Hand Weapons
 a - a +0 war axe (weapon)
Missiles
 p - 6 javelins
 s - 117 stones (quivered)
Armour
 b - a +0 scale mail (worn)
 c - a +0 shield (worn)
 z - a +0 cloak (worn)
Jewellery
 e - a cursed ring of teleportation {unknown}
Wands
 u - a wand of disintegration (10)
 y - a wand of random effects (30)
Scrolls
 g - a scroll of enchant armour {unknown}
 h - 4 scrolls of identify {unknown}
 k - 2 scrolls of fear {unknown}
 l - 2 scrolls of remove curse {unknown}
 o - a scroll of fog {unknown}
 r - 2 scrolls of teleportation {unknown}
 t - a scroll of blinking {unknown}
 x - 2 scrolls of immolation {unknown}
Potions
 d - a potion of might
 i - 2 potions of degeneration {unknown}
 j - a potion of magic {unknown}
 m - a potion of brilliance {unknown}
 n - a potion of invisibility {unknown}
 q - a potion of haste {unknown}
 v - 2 potions of lignification {unknown}
Comestibles
 f - 2 bread rations
 A - a meat ration


   Skills:
 + Level 5.2 Fighting
 + Level 4.1 Axes
 + Level 5.2 Armour
 + Level 5.7 Shields


You had 6 spell levels left.
You didn't know any spells.

Dungeon Overview and Level Annotations

Branches:
Dungeon (5/15)             Temple (1/1) D:5

Altars:
Ashenzari
Dithmenos
Hepliaklqana
Makhleb
Nemelex Xobeh
Qazlal
Ru
Sif Muna
Trog
Uskayaw
Xom
Yredelemnul
The Shining One

Annotations:
Temple Ijyb


Innate Abilities, Weirdness & Mutations

You cannot be hasted, slowed, berserked, paralysed or teleported.
You can dig through walls and to a lower floor.
Your four strong arms can wield two-handed weapons with a shield.
You have a pair of large antennae on your head. (SInv)


Message History

You slash Ijyb!
Ijyb is heavily wounded.
Ijyb hits you with a club.
You closely miss Ijyb.
Ijyb is heavily wounded.
Ijyb barely misses you. Ijyb hits you with a club.
You closely miss Ijyb.
Ijyb is heavily wounded.
You block Ijyb's attack.
You hit Ijyb.
Ijyb is severely wounded.
Ijyb zaps a wand.
The bolt of acid hits you! The acid corrodes you!
You are splashed with acid!
The acid burns!
You hit Ijyb but do no damage.
Ijyb is severely wounded.
Ijyb screams, "Level is mine!
All mine!"
Ijyb zaps a wand.
The bolt of acid hits you!
* * * LOW HITPOINT WARNING * * *
The acid corrodes you!
You are splashed with acid!
The acid burns!
You die...

.## ##. ...#
#... ....##
##.... .._...#
#..._..
.......#.......
_...._g.._...._
.......@.......
######...######
#._.# .....
.._._..
.........
....._.....
..._....._...


You could see Ijyb.

Vanquished Creatures
  An ogre (D:4)
  Blork the orc (D:5)
  A scorpion (D:4)
  3 hounds
  An orc wizard (D:3)
  2 worker ants (D:4)
  4 adders (D:2)
  2 worms
  2 dart slugs
  2 leopard geckos (D:3)
  4 orcs (D:3)
  10 bats
  17 giant cockroaches
  11 hobgoblins
  6 jackals
  7 kobolds
  A weasel (D:2)
  7 frilled lizards
  6 goblins
  11 rats
99 creatures vanquished.

Notes
Turn   | Place    | Note
-------+----------+-------------------------------------------
     0 | D:1      | ceb the Formicid Fighter began the quest for the Orb.
     0 | D:1      | Reached XP level 1. HP: 18/18 MP: 1/1
   224 | D:1      | Reached XP level 2. HP: 24/24 MP: 2/2
   484 | D:1      | Reached XP level 3. HP: 26/29 MP: 3/3
  1189 | D:2      | Reached XP level 4. HP: 37/37 MP: 4/4
  1517 | D:2      | Found a burning altar of Makhleb.
  1796 | D:3      | Reached XP level 5. HP: 33/42 MP: 5/5
  2905 | D:3      | Reached XP level 6. HP: 48/49 MP: 6/6
  3154 | D:4      | Reached skill level 5 in Shields
  3991 | D:4      | Noticed an ogre
  3997 | D:4      | Killed an ogre
  3997 | D:4      | Reached skill level 5 in Fighting
  3997 | D:4      | Reached skill level 5 in Armour
  3997 | D:4      | Reached XP level 7. HP: 56/56 MP: 7/7
  4166 | D:5      | Entered Level 5 of the Dungeon
  4166 | D:5      | Noticed Blork the orc
  4181 | D:5      | Killed Blork the orc
  4395 | D:5      | Found a staircase to the Ecumenical Temple.
  4398 | D:5      | Noticed Ijyb
  4405 | Temple   | Entered the Ecumenical Temple
  4410 | Temple   | Splashed by Ijyb's acid

Skill      XL: |  1  2  3  4  5  6  7 |
---------------+----------------------+-----
Shields        | 4 5 |  5.7
Fighting       | 4 5 |  5.2
Armour         | 4 5 |  5.2
Axes           | 3 4 |  4.1

Action                   |  1- 3 |  4- 6 |  7- 9 || total
-------------------------+-------+-------+-------++-------
Melee: War axe           |    97 |   233 |    19 ||   349
Throw: Javelin           |     3 |     6 |       ||     9
  Eat: Chunk             |     1 |     9 |     1 ||    11
Armor: Scale mail        |    47 |   119 |     9 ||   175
Dodge: Dodged            |    39 |    94 |    10 ||   143
Block: Shield            |    57 |   140 |     7 ||   204
